 Dungeon Crawl Stone Soup version 0.31.0-12-g77e489cdc1 (webtiles) character file.

Game seed: 18080319219998123725

797 spaghetti the Fighter (level 7, -4/70 (76) HPs)
             Began as a Tengu Chaos Knight on Mar 2, 2024.
             Was a Plaything of Xom.
             Slain by a wight
             ... wielding a +4 halberd of chaos
              (7 damage)
             ... on level 8 of the Dungeon.
             The game lasted 00:04:57 (4207 turns).

spaghetti the Fighter (Tengu Chaos Knight)          Turns: 4207, Time: 00:04:58

HP:   -4/70 (76)    AC: 23    Str: 19    XL:     7   Next: 89%
MP:   0/8           EV:  2    Int: 11    God:    Xom [.*....]
Gold: 173           SH:  0    Dex: 12    Spells: 6/6 levels left

rFire   . . .        d - +6 dagger (elec)
rCold   . . .        (no shield)
rNeg    . . .        o - melded +2 robe {Will+}
rPois   +            (helmet currently unavailable)
rElec   .            (cloak currently unavailable)
rCorr   .            h - melded +1 pair of gloves
SInv    .            (boots unavailable)
Will    .....        k - amulet of guardian spirit
Stlth   +            (no ring)
HPRegen 0.31/turn    (no ring)
MPRegen 0.11/turn

%: acrobat, guardian spirit
@: tree-form, attractive, drained
A: stationary, stasis, torment immunity, boosted hp, (beak), (talons 3), evasive
flight, acrobatic, high MP 1, strong 1
a: Renounce Religion


You were on level 8 of the Dungeon.
You worshipped Xom.
You were a plaything of Xom.
You were a tree.
You visited 2 branches of the dungeon, and saw 7 of its levels.

You collected 173 gold pieces.

Inventory:

Hand Weapons
 d - a +6 dagger of electrocution (weapon)
Missiles
 f - 11 javelins
Armour
 a - a +2 leather armour
 h - a +1 pair of gloves (melded)
 o - a +2 robe of willpower (melded)
Jewellery
 k - an amulet of guardian spirit (around neck)
Wands
 p - a wand of charming (9)
Scrolls
 b - a scroll of enchant armour
 c - 2 scrolls of fog
 e - 2 scrolls of silence
 n - 2 scrolls of identify
Potions
 g - a potion of enlightenment
 q - a potion of brilliance
 r - 2 potions of mutation
Miscellaneous
 l - a phial of floods


   Skills:
 + Level 9.1 Fighting
 - Level 2.1 Armour
 - Level 1.1 Dodging
 - Level 3.2 Unarmed Combat


You had 6 spell levels left.
You didn't know any spells.
Your spell library contained the following spells:

 Spells                   Type           Power      Damage    Failure   Level
 Sandblast                Erth           0%         2d4       34%         1
 Sting                    Conj/Alch      0%         1d3       34%         1
 Mercury Vapours          Alch/Air       0%         N/A       47%         2
 Mephitic Cloud           Conj/Alch/Air  0%         N/A       71%         3
 Passwall                 Erth           0%         N/A       71%         3
 Stone Arrow              Conj/Erth      0%         3d7       71%         3
 Brom's Barrelling Bould  Conj/Erth      0%         2d3       98%         4
 Olgreb's Toxic Radiance  Alch           0%         N/A       98%         4
 Vhi's Electric Charge    Tloc/Air       0%         N/A       98%         4
 Arcjolt                  Conj/Air       0%         1d10      100%        5
 Freezing Cloud           Conj/Ice/Air   0%         6-21      100%        5
 Plasma Beam              Fire/Air       0%         2x1d10    100%        6


Dungeon Overview and Level Annotations

Branches:
Dungeon (8/15)             Temple (1/1) D:5
   Lair: D:8-11

Altars:
Ashenzari
Cheibriados
Dithmenos
Elyvilon
Fedhas
Gozag
Kikubaaqudgha
Makhleb
Nemelex Xobeh
Qazlal
Ru
Sif Muna
Trog
Uskayaw
Wu Jian
Xom
Yredelemnul
Zin

Shops:
D:2 =   D:4 *


Innate Abilities, Weirdness & Mutations

You are a tree.
Your roots penetrate the ground, keeping you stationary.
You cannot be teleported.
You are immune to unholy pain and torment.
Your maximum health is greatly increased.
Your equipment is partially melded.
((You have a beak for a mouth.))
((You have claws for feet.))
Your magical flight helps you evade attacks. (EV +4)
You can magically evade attacks while moving or waiting.
You have an increased reservoir of magic. (+10% MP)
Your muscles are strong. (Str +4, Int/Dex -1)


Message History

The wight hits you from afar with a +0 halberd.
You feel drained.
The wight hits you with a +0 great sword!
Unknown command.
You hit the wight but do no damage.
The wight hits you but does no damage. x2
You completely miss the wight.
The wight hits you from afar with a +0 halberd.
The wight hits you with a +0 great sword!
You hit the wight.
The wight is moderately damaged.
The wight hits you from afar with a +0 halberd!
The wight hits you but does no damage.
You closely miss the wight.
The wight is moderately damaged.
The wight hits you but does no damage. x2
You hit the wight but do no damage.
The wight is moderately damaged.
Xom's power touches on a nearby weapon.
The wight's +0 halberd erupts in a glittering mayhem of colour.
The wight hits you from afar with a +4 halberd of chaos!
* * * LOW HITPOINT WARNING * * *
The wight burns you.
* * * LOW HITPOINT WARNING * * *
The wight hits you but does no damage.
Unknown command.
Okay, then.
Okay, then.
You closely miss the wight.
The wight is moderately damaged.
The wight hits you but does no damage.
The wight hits you with a +0 great sword!
* * * LOW HITPOINT WARNING * * *
You feel drained.
* * * LOW HITPOINT WARNING * * *
Unknown command.
You hit the wight.
The wight is heavily damaged.
The wight hits you from afar with a +4 halberd of chaos!
You die...
Xom cackles wildly!

##.###..##
##.####......
...§#..####.......#
#..
.#.....#....#.....##
.
...._.....#........#
.
#.....#...........#
. §..b§#...........#
#
.###.#####........##
#
.......###.........#
......zzz♣.........#
......>z###........#
..(...#.#
###..$....# .....
.z. .......... ....
..... ####...#.. ...
....... ... ..
........# .
..).......
..........##


You could see 4 wights.

Vanquished Creatures
  Grinder (D:3)
  Eustachio (D:5)
  A black bear (D:4)
  A centaur (D:8)
  Blork the orc (D:5)
  A bombardier beetle (D:4)
  A hound (D:5)
  An iguana (D:5)
  8 adders
  2 dart slugs
  2 ribbon worms
  5 orcs
  4 ball pythons (D:1)
  7 endoplasms
  A giant cockroach (D:3)
  5 goblins
  5 hobgoblins
  7 jackals
  6 quokkas
  6 bats
  2 frilled lizards
  5 kobolds
  3 rats
76 creatures vanquished.

Notes
Turn   | Place    | Note
-------+----------+-------------------------------------------
     0 | D:1      | spaghetti the Tengu Chaos Knight began the quest for the
                  | Orb.
     0 | D:1      | Reached XP level 1. HP: 14/14 MP: 2/2
   140 | D:1      | Reached XP level 2. HP: 19/19 MP: 3/3
   155 | D:1      | XOM: silly message
   310 | D:1      | Reached skill level 4 in Fighting
   338 | D:1      | XOM: divination: magic mapping
   340 | D:1      | Reached XP level 3. HP: 24/24 MP: 4/4
   968 | D:2      | Found a burning altar of Makhleb.
  1139 | D:2      | Reached XP level 4. HP: 28/30 MP: 5/5
  1196 | D:2      | Found Xularovi's One-of-a-Kind Rings.
  1259 | D:2      | XOM: silly message
  1383 | D:2      | XOM: summons 3 hostile demons
  1492 | D:3      | Noticed Grinder
  1499 | D:3      | Killed Grinder
  1500 | D:3      | Reached skill level 6 in Fighting
  1500 | D:3      | Reached XP level 5. HP: 19/37 MP: 6/6
  1500 | D:3      | Reached XP level 6. HP: 22/42 MP: 7/7
  1683 | D:3      | Gained mutation: You have an increased reservoir of magic.
                  | (+10% MP) [potion of mutation]
  1683 | D:3      | Gained mutation: Your muscles are strong. (Str +4, Int/Dex
                  | -1) [potion of mutation]
  1752 | D:3      | Found a snail-covered altar of Cheibriados.
  1752 | D:3      | Found an ornate altar of the Wu Jian Council.
  1760 | D:3      | Found a faded altar of an unknown god.
  1762 | D:3      | Found a glowing silver altar of Zin.
  1764 | D:3      | Found an opulent altar of Gozag.
  1793 | D:3      | XOM: 4-stop teleportation journey
  1960 | D:3      | Found a shimmering blue altar of Sif Muna.
  2502 | D:4      | Found Yste's Gadget Gallery.
  2564 | D:4      | Found a sparkling altar of Nemelex Xobeh.
  2708 | D:4      | Reached skill level 7 in Fighting
  2710 | D:4      | XOM: scenery: create altars
  2790 | D:4      | Found a broken altar of Ashenzari.
  2812 | D:4      | XOM: god gift: phial of floods
  2929 | D:4      | XOM is BORED!
  2968 | D:4      | XOM: cloud trail
  3026 | D:4      | Noticed a black bear
  3032 | D:4      | Killed a black bear
  3033 | D:4      | Gained mutation: Your magical flight helps you evade
                  | attacks. (EV +4) [Tengu growth]
  3033 | D:4      | Reached XP level 7. HP: 44/48 MP: 8/8
  3120 | D:4      | Found a stormy altar of Qazlal.
  3418 | D:5      | Entered Level 5 of the Dungeon
  3421 | D:5      | Found a staircase to the Ecumenical Temple.
  3459 | D:5      | Noticed Blork the orc
  3471 | D:5      | XOM: chaos upgrade
  3472 | D:5      | Killed Blork the orc
  3473 | D:5      | Reached skill level 8 in Fighting
  3485 | Temple   | Entered the Ecumenical Temple
  3731 | D:5      | Noticed Eustachio
  3737 | D:5      | Killed Eustachio
  3785 | D:5      | XOM: draining
  3955 | D:5      | Found a sacrificial altar of Ru.
  4028 | D:5      | You are sucked into a shaft and drop 3 floors!
  4048 | D:8      | Noticed a hornet
  4178 | D:8      | XOM: 1-stop teleportation journey
  4187 | D:8      | Found an ancient bone altar of Kikubaaqudgha.
  4196 | D:8      | Reached skill level 9 in Fighting
  4205 | D:8      | XOM: chaos upgrade
  4206 | D:8      | HP: 3/70 [wight/+0 great sword (4)]
  4207 | D:8      | Slain by a wight

Illustrated notes

Levels and vault maps discovered:
D:1:      ldierk_walled_garden, layout_loops_ring
D:2:      layout_loops_ring, basic_altar, serial_bayou_pond_a,
          minmay_misc_feat_x, nicolae_shop_unique_rings
D:3:      layout_basic, chequers_temple_overflow_minitemple,
          nicolae_overflow_hidden_temple, serial_glass, glass_columns_a,
          glass_columns_b, glass_columns_a, uniq_grinder
D:4:      layout_loops_corners, nicolae_qazlal_eye_of_the_storm,
          nicolae_ashenzari_skybound, nemelex_xobeh_ov_fountains_minmay,
          minmay_misc_feat_tower, chequers_serial_rivers_micro_b,
          nicolae_shop_gadgets
D:5:      layout_layer_cave, mainiacjoe_overflow_catwalk,
          mainiacjoe_overflow_24_doors, temple_fountains,
          kennysheep_cluttered_room, kennysheep_generic_room_10,
          uniq_blork_the_orc, uniq_eustachio
D:8:      layout_rooms, mainiacjoe_overflow_alcove_2,
          nicolae_kikubaaqudgha_miasma_corner
Temple:   hellmonk_temple_of_storms

Skill      XL: |  1  2  3  4  5  6  7 |
---------------+----------------------+-----
Fighting       | 4 6 7 9 |  9.1
Armour         | |  2.1
Dodging        | |  1.1
Unarmed Combat | |  3.2

Action                     |  1- 3 |  4- 6 |  7- 9 || total
---------------------------+-------+-------+-------++-------
  Melee: Unarmed           |    75 |       |       ||    75
         Kick              |    25 |    16 |    12 ||    53
         Peck              |    14 |     9 |     8 ||    31
         Dagger            |    14 |    68 |    49 ||   131
         Punch             |       |     1 |     1 ||     2
  Throw: Javelin           |       |     1 |       ||     1
    Use: Scroll            |     5 |     6 |     4 ||    15
         Potion            |       |     5 |     4 ||     9
   Stab: Sleeping          |       |     1 |     1 ||     2
 Armour: Leather armour    |    42 |    36 |     5 ||    83
         Skin              |       |       |    15 ||    15
         Robe              |       |       |    13 ||    13
  Dodge: Dodged            |    62 |    39 |    36 ||   137
